 Dungeon Crawl Stone Soup version 0.27.1-3-gb3d3a73c9e (webtiles) character file.

Game seed: 18275615475783990071

77 AZSletch the Ruffian (level 4, -5/36 HPs)
             Began as a Draconian Transmuter on Oct 26, 2021.
             Slain by an ice beast (13 damage)
             ... on level 3 of the Dungeon.
             The game lasted 00:10:17 (2321 turns).

AZSletch the Ruffian (Draconian Transmuter)         Turns: 2321, Time: 00:10:17

Health: -5/36      AC:  2    Str: 13    XL:     4   Next: 13%
Magic:  0/7        EV: 19    Int: 14    God:
Gold:   24         SH:  0    Dex: 16    Spells: 1/7 levels left

rFire    . . .     SeeInvis .     - Unarmed
rCold    . . .     Faith    .   (shield currently unavailable)
rNeg     . . .     Spirit   +   (armour unavailable)
rPois    x         Reflect  .   (helmet currently unavailable)
rElec    .         Harm     .   (cloak currently unavailable)
rCorr    .         Rampage  .   (gloves currently unavailable)
Will     .....                  (boots currently unavailable)
Stlth    +.........             b - amulet of guardian spirit
HPRegen  0.12/turn              (no ring)
MPRegen  0.10/turn              (no ring)

@: spider-form (expiring)
A: venomous fangs, AC +5, tiny, unfitting armour, (cold-blooded)
a: End Transformation


You were on level 3 of the Dungeon.
You were a venomous arachnid creature.
You visited 1 branch of the dungeon, and saw 3 of its levels.

You collected 24 gold pieces.

Inventory:

Hand Weapons
 d - a +0 dagger of venom
 e - a +0 hunting sling
Missiles
 c - 24 poisoned darts
 f - 18 sling bullets
Jewellery
 b - an amulet of guardian spirit (around neck)
Scrolls
 a - a scroll of enchant armour {unknown}
 i - a scroll of immolation {unknown}
 j - a scroll of identify {unknown}
Potions
 g - 2 potions of curing {unknown}
 h - a potion of lignification {unknown}


   Skills:
 + Level 2.0 Fighting
 + Level 2.3 Dodging
 + Level 3.4 Unarmed Combat
 + Level 2.4 Spellcasting
 + Level 2.7 Transmutations
 + Level 0.6 Poison Magic


You had one spell level left.
You knew the following spells:

 Your Spells              Type           Power      Damage    Failure   Level
a - Beastly Appendage     Tmut           18%        N/A       21%         1
b - Wereblood             Tmut           9%         N/A       28%         2
c - Spider Form           Tmut/Pois      3%         N/A       56%         3

Your spell library contained the following spells:

 Spells                   Type           Power      Damage    Failure   Level
 Animate Skeleton         Necr           2%         N/A       43%         1
 Apportation              Tloc           2%         N/A       43%         1
 Corona                   Hex            1%         N/A       43%         1
 Freeze                   Ice            4%         1d3       43%         1
 Summon Small Mammal      Summ           4%         N/A       43%         1
 Frozen Ramparts          Ice            2%         1d2       77%         3
 Ice Form                 Ice/Tmut       5%         N/A       91%         4
 Hailstorm                Conj/Ice       1%         3d3       98%         4


Dungeon Overview and Level Annotations

Branches:
Dungeon (3/15)

Altars:

Shops:
D:2 *

Annotations:
D:2 Sigmund
D:3 2 transporters, Tzialkovskiy's ghost, amateur HOBe


Innate Abilities, Weirdness & Mutations

You are a venomous arachnid creature.
You have poisonous fangs.
You are tiny and dextrous.
Your spellcasting is less reliable in this form.
Your armour is entirely melded.
You are incapable of wielding weapons or throwing items.
((Your plain brown scales are hard. (AC +5)))
You cannot fit into any form of body armour.
((You are cold-blooded and may be slowed by cold attacks.))


Message History

You are no longer poisoned.
Tzialkovskiy's ghost turns its malevolent gaze towards you.
Found 15 gold pieces.
Your primal bloodlust is almost over.
The ogre shouts!
Found a transporter.
You howl as the wereblood boils in your veins!
Your primal bloodlust has ended.
You start resting.
Magic restored.
You start resting.
HP restored.
You see here a +0 dagger.
Tzialkovskiy's ghost ripples.
The ogre shouts!
There is a transporter here.
Found a transporter.
There is a transporter landing site here.
Casting: Beastly Appendage (safe; 8% risk of failure)
Confirm with . or Enter, or press ? or * to list all spells.
The spell is quite dangerous to cast (34% risk of failure)!
Continue anyway?
You turn into a venomous arachnid creature.
You hit the ice beast but do no damage.
The ice beast hits you but does no damage.
You hit the ice beast.
The ice beast is lightly wounded.
Your transformation is almost over.
The ice beast hits you. The ice beast freezes you!
You hit the ice beast but do no damage.
The ice beast is lightly wounded.
The ice beast hits you. The ice beast freezes you!
You hit the ice beast but do no damage.
The ice beast is poisoned.
The ice beast is lightly wounded.
The ice beast misses you.
You barely miss the ice beast.
The ice beast is lightly wounded.
The ice beast hits you.
* * * LOW HITPOINT WARNING * * *
The ice beast freezes you!
You die...

## . .## ..# ....##### #.##
#........ ####..## #........
#......# #........ #...Y..##.#
#........ #...s..##.#
#........ #.......#.#
#......†. #.......#.#
#........ ##########.........#
#........ #.......##.).......#
#........
#.......##.........###........
#.......#####....)>...........
#..................#########..
#..................# #..


You could see an ice beast (very poisoned).

Vanquished Creatures
  Robin (D:2)
  An adder (D:2)
  A worm (D:2)
  A dart slug (D:1)
  2 orcs (D:3)
  2 bats
  2 endoplasms
  2 giant cockroaches (D:1)
  14 goblins
  5 hobgoblins
  A jackal (D:2)
  3 kobolds
  2 quokkas (D:1)
  3 ball pythons
  2 frilled lizards (D:1)
  3 rats
45 creatures vanquished.

Vanquished Creatures (others)
  A jackal (D:2)
1 creature vanquished.

Grand Total: 46 creatures vanquished

Notes
Turn   | Place    | Note
-------+----------+-------------------------------------------
     0 | D:1      | AZSletch the Draconian Transmuter began the quest for the
                  | Orb.
     0 | D:1      | Reached XP level 1. HP: 16/16 MP: 3/3
   176 | D:1      | Reached XP level 2. HP: 22/23 MP: 3/5
   182 | D:1      | Learned a level 2 spell: Wereblood
  1351 | D:2      | Reached XP level 3. HP: 29/29 MP: 2/6
  1351 | D:2      | Found Ciowia Cesu's Assorted Antiques.
  1390 | D:2      | Learned a level 3 spell: Spider Form
  1406 | D:2      | Noticed Robin
  1451 | D:2      | Killed Robin
  1466 | D:2      | Reached XP level 4. HP: 16/36 MP: 0/7
  1569 | D:2      | Noticed Sigmund
  2060 | D:3      | Noticed an ice beast
  2229 | D:3      | Noticed Tzialkovskiy's ghost (amateur HOBe)
  2230 | D:3      | Noticed an ogre
  2232 | D:3      | Found a transporter.
  2292 | D:3      | Identified the +9 dire flail of Nyr Kore {vorpal, rF++
                  | MP+9}
  2292 | D:3      | Noticed an ogre
  2298 | D:3      | Found a transporter.
  2321 | D:3      | Slain by an ice beast

Illustrated notes

Levels and vault maps discovered:
D:1:      wander_arrival_chamber, layout_basic
D:2:      layout_rooms, serial_shops, shop, uniq_robin, uniq_sigmund
D:3:      layout_basic, lemuel_zombie_altar_yredelemnul, gammafunk_ghost_smash,
          basic_ecumenical_altar

Skill      XL: |  1  2  3 |
---------------+----------+-----
Dodging        | 2 |  2.3
Fighting       | 2 |  2.0
Unarmed Combat | |  3.4
Spellcasting   | |  2.4
Transmutations | |  2.7
Poison Magic   | |  0.6

Action                   |  1- 3 |  4- 6 || total
-------------------------+-------+-------++-------
Melee: Unarmed           |    86 |    16 ||   102
       Kick              |    18 |     3 ||    21
       Headbutt          |     8 |     1 ||     9
       Tailslap          |     9 |     1 ||    10
       Punch             |     1 |     1 ||     2
 Fire: Hunting sling     |     4 |       ||     4
 Cast: Beastly Appendage |    21 |     3 ||    24
       Wereblood         |     5 |     1 ||     6
       Spider Form       |       |     1 ||     1
  Use: Potion            |     1 |       ||     1
Armor: Skin              |    33 |     9 ||    42
Dodge: Dodged            |    55 |    12 ||    67
